AoeStats
← (ATBL) bigwillym

Arabian Desert

510157246Analyzed
1v1 RM · 2d ago on Sep 29, 2026· 20m 23s· 2 players
Game mode
Random Map
Map size
Tiny (2 player)
Population
200
Speed
Normal
Resources
Standard
Victory
Conquest
Starting age
Dark Age
Ending age
Imperial Age
RankedLock teamsTeams togetherTeam positionsShared explorationLock speedFull tech treeHidden civsTurbo modeCheats
Victory
Defeat
🇳🇱 Magyars · Netherlands
1432
+13
🇬🇧 Magyars · United Kingdom
1373
-13
(ATBL) bigwillym
7:12 Loom
9:25 Feudal Age
10:01 Double-Bit Axe
10:07 Horse Collar
gmischa
6:06 Loom
9:06 Feudal Age
9:37 Double-Bit Axe
10:06 Horse Collar
20:15 Castle Age
18:33 Scale Barding Armor
19:37 Bloodlines
20:39 Wheelbarrow
20:01 Gold Mining
20:21 Light Cavalry
Connection lost

Rejoining the realm…

Still unreachable

The connection could not be restored.

Session expired

The server has moved on; the page needs a fresh start.